 Dungeon Crawl Stone Soup version 0.23.2-40-g277498a001 (webtiles) character file.

Game seed: 11573237845731650848

180708 Htamos the Polluter (level 18, -6/138 HPs)
             Began as a Formicid Venom Mage on Aug 29, 2019.
             Was the Champion of Nemelex Xobeh.
             Shot with a bolt by a yaktaur captain (27 damage)
             ... on level 1 of the Vaults on Aug 30, 2019.
             The game lasted 03:05:44 (54269 turns).

Htamos the Polluter (Formicid Venom Mage)          Turns: 54269, Time: 03:05:44

Health: -6/138     AC: 24    Str: 19    XL:     18   Next: 56%
Magic:  20/32      EV:  7    Int: 29    God:    Nemelex Xobeh [******]
Gold:   6          SH: 20    Dex: 15    Spells: 19/37 levels left

rFire    . . .     SeeInvis +   z - +8 great mace
rCold    . . .     Gourm    .   F - +1 large shield
rNeg     + + .     Faith    .   G - +2 plate armour {rPois}
rPois    +         Spirit   .   (helmet unavailable)
rElec    .         Reflect  .   V - +2 cloak
rCorr    .         Harm     .   o - +2 pair of gloves
MR       +++++     Clarity  +   (no boots)
Stlth    +.........             a - amulet of the Four Winds {rN+ MR+++ Clar}
HPRegen  0.33/turn              u - ring of the Mage {Wiz MR++ Int+3}
MPRegen  0.23/turn              Y - ring "Kukh" {*Drain +Inv rN+ Int+9 Dex+4}

@: very slightly contaminated
A: permanent stasis, dig shafts and tunnels, four strong arms, antennae 3
}: 1/15 runes: decaying
a: Dig, Shaft Self, Draw Escape, Draw Destruction, Draw Summoning, Triple Draw,
Deal Four, Stack Five, Renounce Religion, Evoke Invisibility


You were on level 1 of the Vaults.
You worshipped Nemelex Xobeh.
Nemelex Xobeh was exalted by your worship.
You were hungry.

You visited 6 branches of the dungeon, and saw 29 of its levels.

You collected 2962 gold pieces.
You spent 2956 gold pieces at shops.

Inventory:

Hand Weapons
 l - a +2 mace of holy wrath
 n - a +2 antimagic spear
 r - a +0 eveningstar
 v - a +2 flail of draining
 z - a +8 great mace (weapon)
Armour
 o - a +2 pair of gloves (worn)
 y - the +1 leather armour of the Unbroken {Str+4 Int+4}
   (You found it on level 4 of the Swamp)

   It affects your strength (+4).
   It affects your intelligence (+4).
 F - a +1 large shield (worn)
 G - a +2 plate armour of poison resistance (worn)
 M - a +0 plate armour
 V - a +2 cloak (worn)
Magical Staves
 Q - an uncursed staff of energy
Jewellery
 a - the amulet of the Four Winds (around neck) {rN+ MR+++ Clar}
   (You took it off a spriggan on level 2 of the Swamp)

   [amulet of nothing]

   It protects you from negative energy.
   It affects your resistance to hostile enchantments.
   It protects you against confusion.
 i - the ring "Kuydgh" {rPois Int+3}
   (You bought it in a shop on level 2 of the Orcish Mines)

   [ring of poison resistance]

   It affects your intelligence (+3).
   It protects you from poison.
 q - an uncursed ring of wizardry
 t - an uncursed ring of resist corrosion
 u - the ring of the Mage (left hand) {Wiz MR++ Int+3}
   (You bought it in a shop on level 1 of the Orcish Mines)

   [ring of wizardry]

   It improves your spell success rate.
   It affects your intelligence (+3).
   It affects your resistance to hostile enchantments.
 B - an uncursed ring of protection from fire
 D - an uncursed ring of positive energy
 N - an uncursed ring of fire
 P - an uncursed ring of magical power
 S - an uncursed amulet of the gourmand
 Y - the ring "Kukh" (right hand) {*Drain +Inv rN+ Int+9 Dex+4}
   (You bought it in a shop on level 1 of the Orcish Mines)

   [ring of positive energy]

   It affects your intelligence (+9).
   It affects your dexterity (+4).
   It protects you from negative energy.
   It lets you turn invisible.
   It causes draining when unequipped.
Wands
 e - a wand of random effects (19)
 I - a wand of digging (5)
 L - a wand of polymorph (21)
Scrolls
 g - 5 scrolls of fog
 h - 20 scrolls of remove curse
 j - 5 scrolls of amnesia
 k - 6 scrolls of fear
 A - a scroll of acquirement
 E - 6 scrolls of immolation
 U - a scroll of magic mapping
 W - a scroll of silence
 X - 3 scrolls of identify
Potions
 b - a potion of magic
 f - a potion of flight
 p - 9 potions of brilliance
 s - 3 potions of mutation
 x - a potion of ambrosia
 J - a potion of resistance
 K - 3 potions of cancellation
Miscellaneous
 H - a lightning rod (4/4)
Comestibles
 c - 43 rations


   Skills:
 + Level 11.2 Fighting
 * Level 12.3 Maces & Flails
 + Level 11.0 Armour
 - Level 2.2 Dodging
 - Level 11.9 Stealth
 * Level 14.7 Shields
 + Level 10.2 Spellcasting
 - Level 0.8 Conjurations
 * Level 17.8 Poison Magic
 + Level 11.6 Invocations
 - Level 7.6 Evocations


You had 19 spell levels left.
You knew the following spells:

 Your Spells              Type           Power        Failure   Level  Hunger
a - Sting                 Conj/Pois      ####         1%          1    None
b - Poisonous Vapours     Pois/Air       ######       1%          2    None
c - Olgreb's Toxic Radia  Pois           #######.     1%          4    None
d - Mephitic Cloud        Conj/Pois/Air  ######..     6%          3    None
e - Venom Bolt            Conj/Pois      ######....   16%         5    ###....
f - Ignite Poison         Fire/Tmut/Pois #####...     8%          3    None

Your spell library contained the following spells:

 Spells                   Type           Power        Failure   Level  Hunger
 Magic Dart               Conj           ###.         19%         1    None
 Shock                    Conj/Air       ###.         22%         1    None
 Animate Skeleton         Necr           N/A          26%         1    None
 Apportation              Tloc           ##....       26%         1    None
 Pain                     Necr           ##..         26%         1    None
 Summon Small Mammal      Summ           ##..         26%         1    None
 Searing Ray              Conj           ###...       28%         2    None
 Call Imp                 Summ           ##......     38%         2    None
 Shroud of Golubria       Chrm/Tloc      ##........   38%         2    None
 Swiftness                Chrm/Air       ##......     38%         2    None
 Dazzling Spray           Conj/Hex       ###...       52%         3    None
 Static Discharge         Conj/Air       ###.....     52%         3    None
 Call Canine Familiar     Summ           ##......     58%         3    None
 Recall                   Summ/Tloc      N/A          58%         3    None
 Regeneration             Chrm/Necr      ##........   58%         3    None
 Summon Guardian Golem    Hex/Summ       ##......     58%         3    None
 Vampiric Draining        Necr           ##........   58%         3    None
 Iskenderun's Mystic Bla  Conj           ###.....     86%         4    None
 Force Lance              Conj/Tloc      ###.....     89%         4    None
 Fulminant Prism          Conj/Hex       ###.......   89%         4    None
 Airstrike                Air            ##........   92%         4    None
 Animate Dead             Necr           N/A          92%         4    None
 Ice Form                 Ice/Tmut       ##......     92%         4    None
 Leda's Liquefaction      Hex/Erth       ##........   92%         4    None
 Summon Ice Beast         Ice/Summ       ##......     92%         4    None
 Summon Lightning Spire   Summ/Air       ##......     92%         4    None
 Borgnjor's Vile Clutch   Necr/Erth      ##........   99%         5    ###....
 Irradiate                Conj/Tmut      ###.......   99%         5    ###....
 Lightning Bolt           Conj/Air       ###.......   99%         5    ###....
 Metabolic Englaciation   Hex/Ice        ##........   99%         5    ###....
 Bolt of Cold             Conj/Ice       ###.......   100%        6    #####..
 Bolt of Fire             Conj/Fire      ###.......   100%        6    #####..
 Death Channel            Necr           ##........   100%        6    #####..
 Freezing Cloud           Conj/Ice/Air   ###.......   100%        6    #####..
 Hydra Form               Tmut           ##........   100%        6    #####..
 Ozocubu's Refrigeration  Ice            ##........   100%        6    #####..
 Simulacrum               Ice/Necr       ##........   100%        6    #####..
 Statue Form              Tmut/Erth      ##.......    100%        6    #####..
 Dragon Form              Tmut           ##........   100%        7    ######.
 Malign Gateway           Summ/Tloc      ##........   100%        7    ######.
 Discord                  Hex            ##........   100%        8    #######


Dungeon Overview and Level Annotations

Branches:
Dungeon (15/15)            Temple (0/1) D:5            Lair (6/6) D:10
  Swamp (4/4) Lair:3        Snake (0/4) Lair:4        Slime (0/5) Lair:6
    Orc (2/2) D:9             Elf (0/3) Orc:2        Vaults (1/5) D:14
 Depths (1/5) D:15

Altars:
Dithmenos
Makhleb
Nemelex Xobeh
Xom
The Shining One
Beogh
Jiyva

Shops:
D:4 }%   Orc:1 [=(   Orc:2 }*(=:   Vaults:1 ?

Portals:
Ziggurat: Depths:1
Trove: D:13 (give 2 scrolls of acquirement)

Annotations:
D:4 2 runed translucent doors, Toxa551's ghost, novice OpAs
D:11 exclusion: downstairs
Lair:3 exclusion: downstairs
Swamp:2 exclusion: downstairs
Swamp:4 1 exclusion


Innate Abilities, Weirdness & Mutations

You cannot be hasted, slowed, berserked, paralysed or teleported.
You can dig through walls and to a lower floor.
Your four strong arms can wield two-handed weapons with a shield.
You have a pair of large antennae on your head. (SInv)


Message History

The yaktaur captain is engulfed in poison gas.
The yaktaur captain looks as sick as possible!
Casting: Poisonous Vapours (safe; 1% risk of failure)
Confirm with . or Enter, or press ? or * to list all spells.
Aiming: Poisonous Vapours (safe; 1% risk of failure)
Press: ? - help, Dir - move target cursor, f/p - yaktaur captain
Aim: a yaktaur captain, wielding a +0 arbalest (severely wounded, poisoned)
You miscast Poisonous Vapours.
You are very lightly contaminated with residual magic.
You feel faint for a moment.
The yaktaur captain shoots a bolt.
The bolt hits you!!
* * * LOW HITPOINT WARNING * * *
Unknown command.
You feel better.
Okay, then.
You draw a card...
You have drawn Velocity.
The yaktaur captain seems to slow down.
The yaktaur captain shoots a bolt.
The bolt hits you!!
You die...
Your body glows with a rainbow of weird colours and disappears.

........#
#'###'########......#
.............#.....§# {
...........#.#....c.#.#
.............#......#.#
#######'####'##.....'.
.# ###..###..#.....##
.# ..........#......##
(# .........##.@.....##
.# .........##.(.......
(#
...≈≈≈≈...##.........
.# ..≈≈≈≈....#.........
.# ..≈≈≈≈....#.########
(# ..≈≈≈≈...##.# (#
.........##.# (#
........##.# .#
.........#.#


You could see a yaktaur captain.

Vanquished Creatures
  Gastronok (Lair:2)
  A thorn hunter (Swamp:4)
  2 azure jellies (Depths:1)
  A storm dragon (D:12)
  A fire giant (D:12)
  4 vault wardens (Vaults:1)
  A frost giant (Swamp:3)
  An ironheart preserver (D:14)
  A stone giant (Depths:1)
  A great orb of eyes (Swamp:3)
  2 yaktaur captains
  2 ghost crabs
  2 rakshasas
  2 vault guards
  14 hydras
  2 shambling mangroves (Swamp:3)
  8 centaur warriors
  7 alligators
  A tengu warrior (D:13)
  6 death yaks
  9 two-headed ogres
  An ogre mage (Depths:1)
  3 orc high priests
  2 spriggan berserkers (Swamp:4)
  7 swamp dragons
  5 unseen horrors
  6 wizards
  An orc knight (Vaults:1)
  6 necromancers
  3 ironbrand convokers (Vaults:1)
  A wolf spider (Vaults:1)
  6 orc sorcerers
  2 cyclopes
  12 ugly things
  3 deep elf magi
  A manticore (D:15)
  2 vault sentinels (Vaults:1)
  13 spiny frogs
  A stone giant skeleton (Vaults:1)
  16 yaktaurs
  6 komodo dragons
  3 rime drakes
  4 trolls
  4 polar bears
  A tengu conjurer (Depths:1)
  A jumping spider (shapeshifter) (D:13)
  15 blink frogs
  2 harpy skeletons (D:15)
  9 tyrant leeches
  A merfolk (Swamp:2)
  13 hornets
  21 slime creatures
  5 bog bodies
  A snapping turtle (Vaults:1)
  4 hippogriffs
  14 dream sheep
  A stone giant simulacrum (Vaults:1)
  2 wraiths
  Sigmund (D:6)
  A redback (D:12)
  4 wyverns
  A vampire (D:15)
  18 spriggans
  A fire elemental (D:15)
  23 yaks
  7 hogs
  17 vampire mosquitoes
  A basilisk (Swamp:2)
  A hungry ghost (D:15)
  A steam dragon (Orc:1)
  18 humans
  3 human simulacra (Vaults:1)
  A redback simulacrum (D:15)
  5 wargs
  4 insubstantial wisps
  A naga (Lair:4)
  A soldier ant (D:11)
  An acid dragon (D:12)
  15 swamp worms
  A hell hound (D:15)
  8 porcupines
  19 water moccasins
  A hornet zombie (D:6)
  13 swamp drakes
  7 black bears
  A sky beast (shapeshifter) (Depths:1)
  An eye of draining (D:12)
  21 orc warriors
  2 ice beasts
  2 phantoms (D:8)
  15 ogres
  20 wolves
  12 centaurs
  A crocodile (shapeshifter) (Vaults:1)
  10 crocodiles
  3 human skeletons (Vaults:1)
  4 boggarts (Lair:6)
  18 bullfrogs
  A wyvern zombie (D:12)
  A scorpion (D:7)
  4 killer bees (D:9)
  5 howler monkeys
  22 wights
  An electric eel (Lair:2)
  12 crimson imps
  5 bullfrog zombies
  A lava snake (D:9)
  Crazy Yiuf (D:2)
  3 centaur zombies
  3 hounds (D:6)
  9 jellies
  46 orc wizards
  21 orc priests
  2 bullfrog skeletons
  Jessica (D:2)
  2 centaur skeletons
  A hell rat (Lair:6)
  An iguana (D:9)
  12 worker ants
  2 hound zombies
  2 hound skeletons
  2 worker ant zombies
  11 gnolls
  A howler monkey skeleton (D:8)
  15 adders
  A river rat (D:9)
  3 shadow imps
  4 oozes
  4 adder zombies
  An adder skeleton (D:4)
  3 worms
  6 dart slugs
  6 leopard geckos
  68 orcs
  7 giant cockroaches
  3 goblins
  8 hobgoblins
  7 jackals
  9 kobolds
  3 quokkas
  2 ball pythons
  8 bats
  3 frilled lizards
  A jackal zombie (D:6)
  A leopard gecko zombie (D:5)
  A quokka skeleton (D:5)
  3 quokka zombies (D:5)
  6 rats
  A butterfly (Lair:2)
  A plant (D:10)
898 creatures vanquished.

Vanquished Creatures (collateral kills)
  3 acid blobs
  Roxanne (Swamp:3)
  Donald (Swamp:4)
  2 azure jellies (Depths:1)
  Snorg (Lair:4)
  A great orb of eyes (Depths:1)
  8 hydras
  A death knight (D:13)
  2 centaur warriors
  An alligator (Swamp:4)
  A hell hog (D:15)
  Nergalle (Lair:4)
  A spriggan (Swamp:4)
  A spriggan druid (Swamp:4)
  2 swamp dragons
  A wizard (Depths:1)
  A phantasmal warrior (D:13)
  A harpy (Vaults:1)
  An orc knight (Orc:1)
  3 ugly things (Depths:1)
  An orc sorcerer (Orc:1)
  A black mamba (Lair:3)
  A guardian serpent (Lair:2)
  A gargoyle (D:10)
  A smoke demon (D:15)
  A spiny frog (Lair:4)
  A freezing wraith (D:13)
  Grinder (D:3)
  A hornet (Swamp:4)
  7 blink frogs
  A bog body (Swamp:4)
  7 dream sheep
  4 slime creatures (Swamp:1)
  A shadow (Swamp:4)
  A basilisk (Lair:2)
  6 vampire mosquitoes
  8 insubstantial wisps
  A warg (Orc:1)
  2 hell hounds (D:15)
  2 swamp worms (Swamp:3)
  2 water moccasins
  2 swamp drakes
  2 orc warriors
  A crocodile (Lair:5)
  A bullfrog (D:9)
  3 wights
  An orc priest (D:4)
95 creatures vanquished.

Vanquished Creatures (others)
  3 hydras
  A flayed ghost (Vaults:1)
  A swamp dragon (Swamp:4)
  An ugly thing (D:14)
  A spiny frog (Swamp:3)
  A troll (Orc:1)
  A slime creature (Vaults:1)
  2 insubstantial wisps (Swamp:4)
  An acid dragon (D:15)
  A gnoll sergeant (Orc:1)
  A gnoll (Orc:1)
  A ball lightning (Orc:1)
  A rat (Vaults:1)
  5 fungi
  3 plants
  A withered plant (D:5)
25 creatures vanquished.

Grand Total: 1018 creatures vanquished

Notes
Turn   | Place    | Note
-------+----------+-------------------------------------------
     0 | D:1      | Htamos the Formicid Venom Mage began the quest for the Orb.
     0 | D:1      | Reached XP level 1. HP: 13/13 MP: 3/3
   428 | D:1      | Reached XP level 2. HP: 19/20 MP: 5/5
  1184 | D:2      | Reached XP level 3. HP: 25/25 MP: 6/6
  1200 | D:2      | Reached skill level 1 in Fighting
  1401 | D:2      | Reached XP level 4. HP: 22/32 MP: 0/7
  1566 | D:2      | Learned a level 2 spell: Poisonous Vapours
  1986 | D:2      | Noticed Jessica
  1994 | D:2      | Killed Jessica
  1994 | D:2      | Reached skill level 5 in Poison Magic
  2047 | D:2      | Reached XP level 5. HP: 31/37 MP: 2/8
  2189 | D:2      | Found a runed translucent door.
  2190 | D:2      | Noticed Crazy Yiuf
  2205 | D:2      | Killed Crazy Yiuf
  2205 | D:2      | Reached skill level 1 in Armour
  2517 | D:3      | Reached skill level 1 in Maces & Flails
  2689 | D:3      | Reached XP level 6. HP: 41/44 MP: 3/9
  2716 | D:3      | Found a sparkling altar of Nemelex Xobeh.
  2742 | D:3      | Became a worshipper of Nemelex Xobeh the Trickster
  2776 | D:3      | Received a gift from Nemelex Xobeh
  3107 | D:3      | Noticed Grinder
  3134 | D:3      | Noticed an insubstantial wisp
  3134 | D:3      | Noticed an insubstantial wisp
  3148 | D:3      | Killed Grinder
  3148 | D:3      | Reached skill level 6 in Poison Magic
  3148 | D:3      | Reached skill level 1 in Invocations
  3569 | D:4      | Reached XP level 7. HP: 50/51 MP: 6/10
  3625 | D:4      | Noticed Toxa551's ghost (novice OpAs)
  3626 | D:4      | Found a large runed translucent door.
  3626 | D:4      | Found a large runed translucent door.
  3986 | D:4      | Found a shimmering altar of Xom.
  4130 | D:4      | Reached * piety under Nemelex Xobeh
  4130 | D:4      | Received a gift from Nemelex Xobeh
  4263 | D:4      | Found Quodukuf's Food Shop.
  4312 | D:4      | Reached skill level 7 in Poison Magic
  4673 | D:4      | Found Byajioj's Gadget Shoppe.
  4728 | D:5      | Entered Level 5 of the Dungeon
  4751 | D:5      | Reached XP level 8. HP: 54/58 MP: 12/12
  5026 | D:5      | Found a staircase to the Ecumenical Temple.
  5341 | D:5      | Reached skill level 5 in Stealth
  5661 | D:5      | Found a sparkling altar of Nemelex Xobeh.
  6261 | D:5      | Reached skill level 8 in Poison Magic
  6624 | D:6      | Received a gift from Nemelex Xobeh
  6643 | D:6      | Found a glowing golden altar of the Shining One.
  6671 | D:6      | Noticed Sigmund
  6706 | D:6      | Reached XP level 9. HP: 40/65 MP: 8/14
  7085 | D:6      | Reached ** piety under Nemelex Xobeh
  7105 | D:6      | Reached skill level 9 in Poison Magic
  7391 | D:6      | Killed Sigmund
  7818 | D:7      | Received a gift from Nemelex Xobeh
  7848 | D:7      | Learned a level 4 spell: Olgreb's Toxic Radiance
  7852 | D:7      | Learned a level 3 spell: Mephitic Cloud
  7858 | D:7      | Learned a level 5 spell: Venom Bolt
  8728 | D:8      | Reached skill level 1 in Shields
  8881 | D:8      | Reached skill level 5 in Fighting
  8881 | D:8      | Reached XP level 10. HP: 69/74 MP: 12/16
  9062 | D:8      | Reached skill level 5 in Armour
  9167 | D:8      | Reached skill level 10 in Poison Magic
  9332 | D:8      | Reached skill level 5 in Invocations
 10261 | D:9      | Received a gift from Nemelex Xobeh
 10327 | D:9      | Noticed a centaur warrior
 10333 | D:9      | Killed a centaur warrior
 10351 | D:9      | Reached skill level 5 in Spellcasting
 10373 | D:9      | Reached *** piety under Nemelex Xobeh
 10637 | D:9      | Found a staircase to the Orcish Mines.
 10716 | D:9      | Reached skill level 5 in Maces & Flails
 10874 | D:9      | Found a roughly hewn altar of Beogh.
 10883 | D:9      | Received a gift from Nemelex Xobeh
 11135 | D:9      | Reached XP level 11. HP: 81/81 MP: 10/18
 11283 | D:9      | Got a bloodstained scale mail
 11284 | D:9      | Identified the cursed +1 scale mail "Osudom" {*Corrode
                  | rElec MR+ Dex+6} (You found it on level 9 of the Dungeon)
 11313 | D:9      | Reached skill level 11 in Poison Magic
 11418 | D:9      | Reached skill level 5 in Shields
 11659 | D:9      | Noticed a two-headed ogre
 11724 | D:9      | Killed a two-headed ogre
 12141 | D:10     | Entered Level 10 of the Dungeon
 12400 | D:10     | Found a staircase to the Lair.
 12429 | D:10     | Received a gift from Nemelex Xobeh
 13067 | D:11     | Noticed an unseen horror
 13080 | D:11     | Killed an unseen horror
 13146 | D:11     | Found a shadowy altar of Dithmenos.
 13146 | D:11     | Reached **** piety under Nemelex Xobeh
 13146 | D:11     | Received a gift from Nemelex Xobeh
 13146 | D:11     | Noticed a deep elf mage
 13153 | D:11     | Killed a deep elf mage
 13240 | D:11     | Reached skill level 1 in Evocations
 14435 | D:12     | Noticed a two-headed ogre
 14496 | D:12     | Killed a two-headed ogre
 14639 | D:12     | Found a gate leading to a gauntlet.
 14981 | D:11     | Reached XP level 12. HP: 52/89 MP: 16/21
 15202 | D:12     | Received a gift from Nemelex Xobeh
 15224 | D:12     | Noticed a two-headed ogre
 15264 | D:12     | Killed a two-headed ogre
 15264 | D:12     | Reached skill level 12 in Poison Magic
 16029 | D:12     | Found a burning altar of Makhleb.
 16031 | D:12     | Noticed a blizzard demon
 16087 | D:12     | Noticed a centaur warrior
 16103 | D:12     | Killed a centaur warrior
 16670 | D:12     | Noticed an unseen horror
 16683 | D:12     | Killed an unseen horror
 16784 | D:12     | Noticed a fire giant
 16784 | D:12     | Noticed a storm dragon
 16800 | D:12     | Killed a fire giant
 16827 | D:12     | Killed a storm dragon
 17623 | D:13     | Found a portal to a secret trove of treasure.
 17709 | D:13     | Noticed a death knight
 17716 | D:13     | Killed a death knight
 18123 | D:13     | Noticed a tengu warrior
 18268 | Lair:1   | Entered Level 1 of the Lair of Beasts
 18356 | Lair:1   | Received a gift from Nemelex Xobeh
 18467 | Lair:1   | Reached XP level 13. HP: 89/96 MP: 21/23
 18933 | Lair:1   | Received a gift from Nemelex Xobeh
 19099 | Lair:1   | Reached skill level 13 in Poison Magic
 19585 | Lair:2   | Reached ***** piety under Nemelex Xobeh
 19720 | Lair:2   | Received a gift from Nemelex Xobeh
 20418 | Lair:2   | You fall through a shaft!
 20418 | Lair:3   | Received a gift from Nemelex Xobeh
 21135 | Lair:2   | Noticed Gastronok
 21159 | Lair:2   | Killed Gastronok
 22153 | Lair:3   | Noticed a six-headed hydra
 22160 | Lair:3   | Killed a six-headed hydra
 22855 | Lair:3   | Received a gift from Nemelex Xobeh
 23024 | Lair:3   | Reached skill level 10 in Stealth
 23104 | Lair:3   | Found a staircase to the Swamp.
 23479 | Lair:4   | Noticed Nergalle
 23627 | Lair:4   | Reached skill level 5 in Evocations
 23859 | Lair:4   | Killed Nergalle
 23995 | Lair:4   | Reached skill level 10 in Shields
 23998 | Lair:4   | Reached XP level 14. HP: 105/105 MP: 10/25
 24127 | Lair:4   | Noticed Snorg
 24135 | Lair:4   | Killed Snorg
 24427 | Lair:4   | Received a gift from Nemelex Xobeh
 24580 | Lair:4   | Found a staircase to the Snake Pit.
 24633 | Lair:4   | Reached skill level 14 in Poison Magic
 25754 | Lair:5   | Received a gift from Nemelex Xobeh
 26462 | Lair:5   | Received a gift from Nemelex Xobeh
 26876 | Lair:6   | Entered Level 6 of the Lair of Beasts
 27304 | Lair:6   | Received a gift from Nemelex Xobeh
 27434 | Lair:6   | Reached ****** piety under Nemelex Xobeh
 28213 | Lair:6   | Identified 2 scrolls of acquirement
 28213 | Lair:6   | Identified the Compendium of Unstable Ignition (You
                  | acquired it on level 6 of the Lair of Beasts)
 28221 | Lair:6   | Learned a level 3 spell: Ignite Poison
 29740 | Lair:6   | Found a runed translucent door.
 29740 | Lair:6   | Found a viscous altar of Jiyva.
 29753 | Lair:6   | Found a staircase to the Slime Pits.
 30422 | D:13     | Reached XP level 15. HP: 103/113 MP: 25/27
 30941 | D:13     | Received a gift from Nemelex Xobeh
 32269 | D:14     | Reached skill level 15 in Poison Magic
 33358 | D:14     | Found a gate to the Vaults.
 33423 | D:15     | Entered Level 15 of the Dungeon
 33598 | D:15     | Received a gift from Nemelex Xobeh
 33873 | D:15     | Noticed Azrael
 33892 | D:15     | Noticed Azrael
 33892 | D:15     | Azrael changed into Azrael the hell hog
 33904 | D:15     | Killed Azrael the hell hog
 34257 | D:15     | Received a gift from Nemelex Xobeh
 34727 | D:15     | Found a staircase to the Depths.
 35333 | D:15     | Received a gift from Nemelex Xobeh
 35471 | Orc:1    | Entered Level 1 of the Orcish Mines
 35499 | Orc:1    | Reached skill level 10 in Maces & Flails
 35670 | Orc:1    | Noticed Maurice
 35681 | Orc:1    | Noticed Maurice
 35681 | Orc:1    | Maurice changed into Maurice the steam dragon
 35866 | Orc:1    | Killed Maurice the steam dragon
 36033 | Orc:1    | Found Oxuawkif's Antique Armour Shoppe.
 36159 | Orc:1    | Noticed Urug
 36180 | Orc:1    | Noticed Urug
 36180 | Orc:1    | Urug changed into Urug the komodo dragon
 36187 | Orc:1    | Killed Urug the komodo dragon
 36522 | Orc:1    | Reached XP level 16. HP: 60/120 MP: 17/28
 36746 | Orc:1    | Found Odiroen's Weapon Shop.
 36888 | Orc:1    | Found Ruhokhleu's Jewellery Shoppe.
 36903 | Orc:1    | Bought the ring of the Mage {Wiz MR++ Int+3} for 672 gold
                  | pieces
 36903 | Orc:1    | Found the ring of the Mage {Wiz MR++ Int+3}
 36916 | Orc:1    | Bought the ring "Kukh" {*Drain +Inv rN+ Int+9 Dex+4} for
                  | 724 gold pieces
 36934 | Orc:2    | Entered Level 2 of the Orcish Mines
 37159 | Orc:2    | Found Ponuvva's Gadget Boutique.
 37287 | Orc:2    | Received a gift from Nemelex Xobeh
 39094 | Orc:2    | Reached skill level 10 in Invocations
 39405 | Orc:2    | Found Zyaxiwn's Book Emporium.
 39405 | Orc:2    | Found Lixaomad's Jewellery Emporium.
 39406 | Orc:2    | Found Huymaph's Assorted Antiques.
 39409 | Orc:2    | Found Vyhowol's Antique Weapon Shoppe.
 39413 | Orc:2    | Bought the ring "Kuydgh" {rPois Int+3} for 466 gold pieces
 39622 | Orc:2    | Received a gift from Nemelex Xobeh
 39681 | Orc:2    | Found a staircase to the Elven Halls.
 40008 | Orc:2    | Found Zyaxiwn's Book Emporium.
 40008 | Orc:2    | Found Lixaomad's Jewellery Emporium.
 40009 | Orc:2    | Found Huymaph's Assorted Antiques.
 40013 | Orc:2    | Found Vyhowol's Antique Weapon Shoppe.
 40208 | Orc:2    | Found Ponuvva's Gadget Boutique.
 40440 | Orc:2    | Found a staircase to the Elven Halls.
 40705 | Depths:1 | Entered Level 1 of the Depths
 40963 | Depths:1 | Noticed a frost giant
 40963 | Depths:1 | Noticed an azure jelly
 40963 | Depths:1 | a frost giant changed into an azure jelly
 40967 | Depths:1 | Killed an azure jelly
 41096 | Depths:1 | Found a gateway to a ziggurat.
 41101 | Depths:1 | Identified the Compendium of Bewitchment
 41790 | Depths:1 | Noticed an azure jelly
 41792 | Depths:1 | Killed an azure jelly
 41844 | Depths:1 | Noticed an azure jelly
 41848 | Depths:1 | Noticed an acid blob
 41852 | Depths:1 | Noticed an azure jelly
 41852 | Depths:1 | Noticed an acid blob
 41855 | Depths:1 | Killed an acid blob
 41859 | Depths:1 | Killed an azure jelly
 41859 | Depths:1 | Reached skill level 16 in Poison Magic
 41863 | Depths:1 | Killed an azure jelly
 41875 | Depths:1 | Noticed an azure jelly
 41997 | Depths:1 | Reached skill level 10 in Fighting
 42003 | Depths:1 | Killed an acid blob
 42270 | Swamp:1  | Entered Level 1 of the Swamp
 42727 | Swamp:1  | Received a gift from Nemelex Xobeh
 44442 | Swamp:1  | Received a gift from Nemelex Xobeh
 45050 | Swamp:2  | Reached skill level 10 in Armour
 45170 | Swamp:2  | Noticed Nikola
 45187 | Swamp:2  | Noticed Nikola
 45187 | Swamp:2  | Nikola changed into Nikola the acid blob
 45188 | Swamp:2  | Killed Nikola the acid blob
 45188 | Swamp:2  | Reached XP level 17. HP: 54/128 MP: 30/30
 45907 | Swamp:2  | Received a gift from Nemelex Xobeh
 46283 | Swamp:3  | Noticed Roxanne
 46732 | Swamp:3  | Killed Roxanne
 47530 | Swamp:3  | Noticed Louise
 47531 | Swamp:3  | Noticed Kirke
 47532 | Swamp:3  | Noticed Louise
 47532 | Swamp:3  | Louise changed into Louise the great orb of eyes
 47532 | Swamp:3  | Noticed Kirke
 47532 | Swamp:3  | Kirke changed into Kirke the frost giant
 47544 | Swamp:3  | Killed Kirke the frost giant
 47562 | Swamp:3  | Killed Louise the great orb of eyes
 47833 | Swamp:3  | Received a gift from Nemelex Xobeh
 47935 | Swamp:4  | Entered Level 4 of the Swamp
 48252 | Swamp:4  | Identified the -1 trident of Action {venom, Int+4 Dex+4}
 48267 | Swamp:4  | Noticed Donald
 48273 | Swamp:4  | Killed Donald
 49098 | Swamp:4  | Received a gift from Nemelex Xobeh
 49152 | Swamp:4  | Identified the +2 long sword of Havoc {slice, rElec rC+
                  | Int+4}
 49158 | Swamp:3  | Reached skill level 17 in Poison Magic
 50116 | Swamp:4  | Noticed a thorn hunter
 50116 | Swamp:4  | a shambling mangrove changed into a thorn hunter
 50117 | Swamp:4  | Killed a thorn hunter
 50541 | Swamp:4  | Got a decaying rune of Zot
 50567 | Swamp:4  | Got a jewelled leather armour
 50568 | Swamp:4  | Identified the +1 leather armour of the Unbroken {Str+4
                  | Int+4} (You found it on level 4 of the Swamp)
 50900 | Orc:1    | Bought a glowing plate armour for 884 gold pieces
 51056 | Vaults:1 | Entered Level 1 of the Vaults
 51135 | Vaults:1 | Reached XP level 18. HP: 136/136 MP: 31/31
 51953 | D:14     | Reached skill level 10 in Spellcasting
 52591 | Vaults:1 | Received a gift from Nemelex Xobeh
 52592 | Vaults:1 | Found Ontipnor's Magic Scroll Emporium.
 52600 | Vaults:1 | Bought a scroll of enchant weapon for 105 gold pieces
 53572 | Vaults:1 | Bought a scroll of enchant weapon for 105 gold pieces
 54269 | Vaults:1 | Shot with a bolt by a yaktaur captain

Skill      XL: |  1  2  3  4  5  6  7  8  9 10 11 12 13 14 15 16 17 18 |
---------------+-------------------------------------------------------+-----
Dodging        | 2 |  2.2
Fighting       | 1 2 3 4 5 6 7 8 9 10 11 | 11.2
Stealth        | 3 4 5 6 7 8 9 10 11 | 11.9
Poison Magic   | 5 6 7 8 9 10 11 12 13 14 15 16 17 | 17.8
Armour         | 1 2 3 4 5 6 7 8 9 10 11 | 11.0
Maces & Flails | 1 2 3 4 5 6 7 9 10 11 12 | 12.3
Invocations    | 1 2 3 4 5 6 7 8 9 10 11 | 11.6
Spellcasting   | 3 4 5 6 7 8 9 10 | 10.2
Shields        | 1 4 6 8 10 11 12 13 14 | 14.7
Evocations     | 2 3 5 6 7 |  7.6
Conjurations   | |  0.8

Action                   |  1- 3 |  4- 6 |  7- 9 | 10-12 | 13-15 | 16-18 || total
-------------------------+-------+-------+-------+-------+-------+-------++-------
Melee: Mace              |    68 |    32 |   232 |   318 |   724 |   308 ||  1682
       Flail             |       |    88 |    83 |    55 |    94 |   223 ||   543
       Great mace        |       |       |       |    28 |    67 |   403 ||   498
       Staff             |       |       |       |       |       |    28 ||    28
 Cast: Sting             |    12 |    64 |   116 |    26 |    25 |    17 ||   260
       Poisonous Vapours |       |       |     2 |   206 |   412 |   389 ||  1009
       Olgreb's Toxic Ra |       |       |       |    25 |   109 |    71 ||   205
Invok: Triple Draw       |       |       |       |       |       |     1 ||     1
 Abil: Draw Summoning    |       |     2 |     2 |    12 |    19 |    24 ||    59
       Draw Destruction  |       |       |     4 |     1 |    43 |    50 ||    98
       Draw Escape       |       |       |       |     1 |       |    13 ||    14
       Dig               |       |       |       |       |     5 |     6 ||    11
Evoke: Wand              |       |       |     5 |     1 |     7 |   120 ||   133
       Lightning rod     |       |       |       |       |       |     3 ||     3
       Sack of spiders   |       |       |       |       |       |     1 ||     1
  Use: Scroll            |     2 |     3 |     4 |    12 |    16 |    12 ||    49
       Potion            |       |     3 |     3 |     7 |     3 |    10 ||    26
 Stab: Sleeping          |     1 |     1 |     2 |    10 |     4 |       ||    18
       Paralysed         |       |       |     7 |     3 |     9 |     6 ||    25
       Distracted        |       |       |       |     1 |     4 |       ||     5
       Invisible         |       |       |       |     1 |       |       ||     1
  Eat: Chunk             |     2 |     8 |    18 |    42 |    78 |    40 ||   188
       Ration            |       |       |       |     1 |       |     3 ||     4
Armor: Robe              |     9 |       |       |       |       |       ||     9
       Ring mail         |    14 |    58 |   139 |   134 |    67 |       ||   412
       Plate armour      |       |       |       |       |   221 |   498 ||   719
Dodge: Dodged            |    57 |    74 |   179 |   284 |   240 |   201 ||  1035
Block: Large shield      |       |       |       |    82 |   962 |  1059 ||  2103
